 Dungeon Crawl Stone Soup version 0.28.0-47-ge53b351184 (webtiles) character file.

Game seed: 4442226061480302482

142 GigaChad the Slasher (level 5, -2/47 HPs)
             Began as a Minotaur Fighter on Apr 25, 2022.
             Was a Believer of Sif Muna.
             Slain by Grinder (9 damage)
             ... on level 3 of the Dungeon.
             The game lasted 00:10:08 (1707 turns).

GigaChad the Slasher (Minotaur Fighter)             Turns: 1707, Time: 00:10:09

Health: -2/47      AC:  9    Str: 21    XL:     5   Next: 3%
Magic:  4/4        EV:  7    Int:  5    God:    Sif Muna [**....]
Gold:   66         SH:  4    Dex: 11    Spells: 4/4 levels left

rFire   x . .      SeeInvis .   a - +0 long sword
rCold   + . .      Faith    .   c - +0 buckler
rNeg    . . .      Spirit   .   f - +0 chain mail
rPois   .          Reflect  .   (helmet restricted)
rElec   .          Harm     .   (no cloak)
rCorr   .          Rampage  .   (no gloves)
Will    .....                   (no boots)
Stlth   ..........              (no amulet)
HPRegen 0.15/turn               p - ring of ice
MPRegen 0.09/turn               (no ring)

@: no status effects
A: horns 2, retaliatory headbutt
a: Renounce Religion, Channel Magic


You were on level 3 of the Dungeon.
You worshipped Sif Muna.
Sif Muna was pleased with you.
You visited 1 branch of the dungeon, and saw 3 of its levels.

You collected 66 gold pieces.

Inventory:

Hand Weapons
 a - a +0 long sword (weapon)
Armour
 b - a +0 scale mail
 c - a +0 buckler (worn)
 f - a +0 chain mail (worn)
Magical Staves
 n - a staff of death
Jewellery
 p - a ring of ice (left hand)
Wands
 j - a wand of digging (5)
Scrolls
 g - a scroll of silence
 l - a scroll of identify
 o - a scroll of teleportation {unknown}
Potions
 d - a potion of might
 e - a potion of cancellation {unknown}
 h - 2 potions of curing {unknown}
 i - a potion of heal wounds {unknown}
 k - a potion of mutation {unknown}
 m - a potion of brilliance {unknown}


   Skills:
 + Level 4.4 Fighting
 + Level 4.5 Long Blades
 + Level 4.4 Armour
 + Level 1.1 Dodging
 + Level 0.2 Stealth
 + Level 4.1 Shields


You had 4 spell levels left.
You didn't know any spells.
Your spell library contained the following spells:

 Spells                   Type           Power      Damage    Failure   Level
 Gell's Gravitas          Tloc           0%         N/A       100%        3
 Lesser Beckoning         Tloc           0%         N/A       100%        3
 Teleport Other           Tloc           0%         N/A       100%        3


Dungeon Overview and Level Annotations

Branches:
Dungeon (3/15)

Altars:
Sif Muna

Annotations:
D:3 Grinder


Innate Abilities, Weirdness & Mutations

You have a pair of horns on your head.
You reflexively headbutt those who attack you in melee.


Message History

Grinder hits you.
You writhe in agony.
You barely miss Grinder.
Grinder is heavily wounded.
Grinder gestures at you.
You suddenly lose the ability to move!
Grinder blinks!
You can move again.
You hit Grinder but do no damage.
Grinder is heavily wounded.
Grinder barely misses you. You furiously retaliate!
You headbutt Grinder. Grinder hits you.
You writhe in agony.
You closely miss Grinder.
Grinder is severely wounded.
Grinder barely misses you.
You barely miss Grinder. Your headbutt misses Grinder.
Grinder is severely wounded.
Grinder gestures at you.
You suddenly lose the ability to move!
Grinder hits you.
You writhe in agony.
Grinder hits you but does no damage. Grinder hits you but does no damage.
Grinder hits you.
You writhe in agony.
* * * LOW HITPOINT WARNING * * *
Grinder says, "I used to sell toenails on the black market."
Grinder hits you but does no damage. Grinder hits you but does no damage.
You can move again.
You slash Grinder!
Grinder is severely wounded.
You block Grinder's attack.
You closely miss Grinder.
Grinder is severely wounded.
Grinder closely misses you. Grinder hits you.
* * * LOW HITPOINT WARNING * * *
You writhe in agony.
* * * LOW HITPOINT WARNING * * *
You closely miss Grinder. Your headbutt misses Grinder.
Grinder is severely wounded.
Grinder hits you!
You die...

# #### #################
...##### #..<5@......?....
##........###.##############
#...# #......##
..#.#########<..###
......#.....>.....#
###.........5..#...# #
####.......>.#.#..# .#
#.##..#####.##..# .# #.##.##
# #.#


You could see Grinder.

Vanquished Creatures
  A scorpion (D:2)
  Jessica (D:2)
  An adder (D:2)
  2 dart slugs (D:1)
  2 ball pythons
  7 endoplasms
  4 giant cockroaches
  7 goblins
  2 hobgoblins
  4 jackals (D:1)
  2 kobolds
  A quokka (D:1)
  3 bats
  4 frilled lizards
  3 rats (D:1)
44 creatures vanquished.

Notes
Turn   | Place    | Note
-------+----------+-------------------------------------------
     0 | D:1      | GigaChad the Minotaur Fighter began the quest for the Orb.
     0 | D:1      | Reached XP level 1. HP: 19/19 MP: 0/0
   434 | D:1      | Reached XP level 2. HP: 27/27 MP: 1/1
   671 | D:1      | Found a faded altar of an unknown god.
   682 | D:1      | Prayed at the altar of an unknown god.
   682 | D:1      | Became a worshipper of Sif Muna the Loreminder
   682 | D:1      | Reached * piety under Sif Muna
   817 | D:1      | Reached XP level 3. HP: 29/33 MP: 2/2
  1055 | D:2      | Noticed Jessica
  1061 | D:2      | Killed Jessica
  1257 | D:2      | Reached XP level 4. HP: 40/40 MP: 3/3
  1263 | D:2      | Reached skill level 1 in Dodging
  1356 | D:2      | Noticed a scorpion
  1361 | D:2      | Killed a scorpion
  1361 | D:2      | Reached ** piety under Sif Muna
  1454 | D:2      | Reached XP level 5. HP: 42/47 MP: 4/4
  1665 | D:3      | Noticed Grinder
  1686 | D:3      | Paralysed by Grinder for 2 turns
  1692 | D:3      | Paralysed by Grinder for 4 turns
  1698 | D:3      | Paralysed by Grinder for 7 turns
  1707 | D:3      | Slain by Grinder

Illustrated notes

Levels and vault maps discovered:
D:1:      dpeg_arrival_more_subterranean_lakeside_camping, layout_basic,
          serial_rivers, chequers_serial_rivers_micro_e,
          chequers_serial_rivers_micro_d, chequers_serial_rivers_micro_c,
          chequers_serial_rivers_micro_d, ebering_ecumenical_altar_mist
D:2:      layout_basic, uniq_jessica
D:3:      layout_rooms, chequers_serial_rivers_marsh, uniq_grinder

Skill      XL: |  1  2  3  4 |
---------------+-------------+-----
Fighting       | 4 |  4.4
Armour         | 4 |  4.4
Long Blades    | 3 4 |  4.5
Dodging        | 1 |  1.1
Shields        | 4 |  4.1
Stealth        | |  0.2

Action                   |  1- 3 |  4- 6 || total
-------------------------+-------+-------++-------
Melee: Long sword        |    77 |    36 ||   113
       Headbutt          |     8 |     1 ||     9
  Use: Scroll            |     1 |       ||     1
Armor: Scale mail        |    11 |       ||    11
       Chain mail        |    58 |    25 ||    83
Dodge: Dodged            |    41 |     9 ||    50
Block: Buckler           |    19 |     6 ||    25
